 Dungeon Crawl Stone Soup version 0.26.1-2-gb8aa6d0cf2 (webtiles) character file.

Game seed: 1758011829967326753

37 vatarom the Insei (level 3, -1/28 HPs)
             Began as a Draconian Transmuter on Feb 16, 2021.
             Slain by Terence
             ... wielding a +0 hand axe
              (6 damage)
             ... on level 1 of the Dungeon.
             The game lasted 00:01:54 (1223 turns).

vatarom the Insei (Draconian Transmuter)            Turns: 1223, Time: 00:01:55

Health: -1/28      AC:  5    Str: 12    XL:     3   Next: 21%
Magic:  6/6        EV: 12    Int: 13    God:
Gold:   56         SH:  0    Dex: 12    Spells: 5/6 levels left

rFire    . . .     SeeInvis .     - Unarmed
rCold    . . .     Faith    .   (no shield)
rNeg     . . .     Spirit   .   (armour unavailable)
rPois    .         Reflect  .   (helmet currently unavailable)
rElec    .         Harm     .   (no cloak)
rCorr    .         Rampage  .   (no gloves)
Will     .....                  (boots currently unavailable)
Stlth    +.........             b - amulet of magic regeneration
HPRegen  0.09/turn              w - ring of wizardry
MPRegen  0.35/turn              (no ring)

@: appendages
A: unfitting armour, horns 2, talons 2, cold-blooded, AC +5
a: End Transformation


You were on level 1 of the Dungeon.
You had grown temporary horns.
You had grown temporary talons.
You visited 1 branch of the dungeon, and saw 2 of its levels.

You collected 56 gold pieces.

Inventory:

Missiles
 f - 27 poisoned darts
Jewellery
 b - an amulet of magic regeneration (around neck)
 w - a ring of wizardry (left hand)
Scrolls
 a - a scroll of remove curse {@r2}
 e - a scroll of amnesia
Potions
 c - a potion of flight
 d - 2 potions of cancellation


   Skills:
 - Level 1.1 Fighting
 - Level 1.7 Dodging
 + Level 3.7 Unarmed Combat
 - Level 2.0 Spellcasting
 + Level 2.9 Transmutations


You had 5 spell levels left.
You knew the following spells:

 Your Spells              Type           Power        Failure   Level
a - Beastly Appendage     Tmut           18%          3%          1

Your spell library contained the following spells:

 Spells                   Type           Power        Failure   Level
 Wereblood                Tmut           9%           4%          2
 Spider Form              Tmut/Pois      2%           16%         3
 Ice Form                 Ice/Tmut       5%           45%         4
 Blade Hands              Tmut           4%           61%         5


Dungeon Overview and Level Annotations

Branches:
Dungeon (2/15)

Altars:

Annotations:
D:1 Terence


Innate Abilities, Weirdness & Mutations

Your plain brown scales are hard. (AC +5)
You cannot fit into any form of body armour.
You are cold-blooded and may be slowed by cold attacks.
You have a pair of horns on your head.
You have razor-sharp toenails.


Message History

Casting: Beastly Appendage (safe; 3% risk of failure)
Confirm with . or Enter, or press ? or * to list all spells.
You grow a pair of large bovine horns.
Your feet morph into talons.
You hit Terence.
Terence is moderately wounded.
Terence hits you with a +0 hand axe.
You hit Terence but do no damage.
Terence is moderately wounded.
Terence completely misses you.
You closely miss Terence. You claw Terence.
Your tail-slap misses Terence.
Terence is moderately wounded.
Terence misses you.
You closely miss Terence. You claw Terence.
Terence is heavily wounded.
Terence hits you with a +0 hand axe.
* * * LOW HITPOINT WARNING * * *
You hit Terence but do no damage. You tail-slap Terence.
Terence is heavily wounded.
Terence hits you with a +0 hand axe.
You die...

#.............#(###########'##≈≈
#.............#.........###8....
#.....................#.+.......
#.....................#####8....
##.....................# #'##≈≈
..........#...........## #.####
##....###.#...........# #.#
#########.............# #.#
##..............@.....######.#
##..............@............####
##...............................
##...............................
##..........####.###+#...........
##...........##...)..........####
...........#.##..............#
..............)..............#
.........(.#.#.#.#.#.#.......#


You could see Terence.

Vanquished Creatures
  An adder (D:2)
  A dart slug (D:1)
  A ball python (D:2)
  5 bats (D:1)
  2 giant cockroaches (D:1)
  2 goblins
  4 jackals (D:1)
  4 kobolds (D:1)
  A frilled lizard (D:1)
  2 rats (D:1)
23 creatures vanquished.

Notes
Turn   | Place    | Note
-------+----------+-------------------------------------------
     0 | D:1      | vatarom the Draconian Transmuter began the quest for the
                  | Orb.
     0 | D:1      | Reached XP level 1. HP: 16/16 MP: 3/3
   405 | D:1      | Reached XP level 2. HP: 23/23 MP: 5/5
  1167 | D:2      | Reached XP level 3. HP: 16/28 MP: 3/6
  1181 | D:2      | Noticed Terence
  1223 | D:1      | Slain by Terence

Illustrated notes

Levels and vault maps discovered:
D:1:      wander_arrival_chamber, layout_basic
D:2:      layout_rooms, lemuel_round_altar, elyvilon_altar_3,
          uniq_crazy_yiuf_cottage, uniq_terence

Action                   || total
-------------------------++-------
Melee: Unarmed           ||    88
       Tailslap          ||     6
       Kick              ||     5
       Headbutt          ||     3
 Cast: Beastly Appendage ||    19
  Use: Scroll            ||     3
       Potion            ||     2
Armor: Skin              ||    38
Dodge: Dodged            ||    78
